 Dungeon Crawl Stone Soup version 0.23.0 (webtiles) character file.

Game seed: 4865000261785554760

67 misha the Skirmisher (level 4, -2/34 HPs)
             Began as a Mummy Gladiator on Feb 17, 2019.
             Slain by a killer bee (7 damage)
             ... on level 2 of the Dungeon.
             The game lasted 00:09:13 (1380 turns).

misha the Skirmisher (Mummy Gladiator)              Turns: 1380, Time: 00:09:13

Health: -2/34      AC:  4    Str: 18    XL:     4   Next: 0%
Magic:  4/4        EV: 12    Int:  7    God:
Gold:   18         SH:  0    Dex: 13    Spells: 3/3 levels left

rFire    x . .     SeeInvis .   a - +0 quarterstaff
rCold    + . .     Gourm    .   (shield currently unavailable)
rNeg     + + +     Faith    .   b - +0 leather armour
rPois    ∞         Spirit   .   c - +0 helmet
rElec    .         Reflect  .   (no cloak)
rCorr    .         Harm     .   (no gloves)
MR       .....                  (no boots)
Stlth    +.........             (no amulet)
HPRegen  0.11/turn              (no ring)
MPRegen  0.09/turn              (no ring)

@: about to teleport
A: no food or potions, fire vulnerability, cold resistance 1, negative energy
resistance 3, torment resistance, unbreathing
a: no special abilities


You were on level 2 of the Dungeon.
You were not hungry.

You visited 1 branch of the dungeon, and saw 2 of its levels.

You collected 18 gold pieces.

Inventory:

Hand Weapons
 a - a +0 quarterstaff (weapon)
 d - a +0 dagger
 g - a +0 short sword
 h - a +0 dagger
 i - a +0 short sword
 j - a +0 short sword
 k - a +0 dagger
 m - a +0 club
 n - a +0 short sword
 o - a +0 spear
 p - a +0 club
 q - a +0 dagger
 r - a +0 club
 s - a +0 club
Missiles
 e - 15 bolts
 f - 5 curare-tipped needles (quivered)
 l - 24 stones
Armour
 b - a +0 leather armour (worn)
 c - a +0 helmet (worn)
 x - a +0 helmet
Scrolls
 u - a scroll of remove curse
 y - a scroll of teleportation
Potions
 v - a potion of berserk rage {unknown}
Comestibles
 w - a ration


   Skills:
 + Level 2.8 Fighting
 - Level 2.7 Staves
 + Level 2.1 Throwing
 - Level 0.4 Armour
 - Level 2.6 Dodging
 + Level 1.0 Unarmed Combat


You had 3 spell levels left.
You didn't know any spells.
Your spell library was empty.

Dungeon Overview and Level Annotations

Branches:
Dungeon (2/15)

Altars:

Annotations:
D:2 Jessica, Terence


Innate Abilities, Weirdness & Mutations

You do not eat or drink.
Your flesh is vulnerable to fire.
You are immune to poison.
Your flesh is cold resistant. (rC+)
You are immune to negative energy. (rN+++)
You are immune to unholy pain and torment.
You can survive without breathing.


Message History

The killer bee stings you but does no damage.
The bat hits you.
* * * LOW HITPOINT WARNING * * *
The bat hits you but does no damage.
As you read the scroll labeled AXTUJ OSHEE, it crumbles to dust.
Your brain hurts!
It was a scroll of random uselessness.
The bat barely misses you. The killer bee closely misses you.
The killer bee barely misses you.
As you read the scroll labeled WOSAVO JUUSY, it crumbles to dust.
You feel blessed for a moment.
It was a scroll of remove curse.
The bat closely misses you. The bat completely misses you.
The killer bee stings you.
* * * LOW HITPOINT WARNING * * *
The killer bee stings you.
* * * LOW HITPOINT WARNING * * *
As you read the scroll labeled VAWED YDAA, it crumbles to dust.
You feel strangely unstable.
It was a scroll of teleportation.
The bat hits you but does no damage. The killer bee closely misses you.
The killer bee stings you!
You die...

#.# .# .... #..# #..# #..#
.# ## ).##.# .#######
########b##.# ........
.......@y##.#
.################yy#.#
...........# ##y#.#
..(........# #y@@#######
...........# ##K........
...........# #.........
...........# #.........
...........########........?
..#########.......!.........


You could see Terence, 5 killer bees, Jessica, a bat and a kobold.

Vanquished Creatures
  A centaur skeleton (D:2)
  An ooze (D:1)
  A dart slug (D:1)
  A leopard gecko (D:1)
  4 goblins (D:1)
  3 hobgoblins
  7 jackals
  2 bats (D:1)
  2 frilled lizards
  5 kobolds (D:1)
  3 rats
30 creatures vanquished.

Notes
Turn   | Place    | Note
-------+----------+-------------------------------------------
     0 | D:1      | misha the Mummy Gladiator began the quest for the Orb.
     0 | D:1      | Reached XP level 1. HP: 16/16 MP: 1/1
   433 | D:1      | Reached XP level 2. HP: 20/22 MP: 2/2
   857 | D:1      | Reached XP level 3. HP: 28/28 MP: 3/3
  1332 | D:2      | Reached skill level 1 in Unarmed Combat
  1332 | D:2      | Reached XP level 4. HP: 22/34 MP: 4/4
  1360 | D:2      | Noticed Terence
  1367 | D:2      | Noticed Jessica
  1380 | D:2      | Slain by a killer bee

Skill      XL: |  1  2  3 |
---------------+----------+-----
Throwing       | 2 |  2.1
Unarmed Combat | 1 |  1.0
Fighting       | |  2.8
Staves         | |  2.7
Armour         | |  0.4
Dodging        | |  2.6

Action                   |  1- 3 |  4- 6 || total
-------------------------+-------+-------++-------
Melee: Quarterstaff      |    88 |     1 ||    89
Throw: Throwing net      |     8 |       ||     8
       Stone             |     5 |       ||     5
  Use: Scroll            |       |     3 ||     3
Armor: Leather armour    |    26 |    15 ||    41
Dodge: Dodged            |    82 |    32 ||   114
